 Dungeon Crawl Stone Soup version 0.28-a0-1143-gcf6077d4cc (webtiles) character file.

Game seed: 10873480739466520128

15 SensoryNuts the Slasher (level 2, -1/22 HPs)
             Began as a Demonspawn Gladiator on Dec 13, 2021.
             Succumbed to a goblin's poison
             ... on level 1 of the Dungeon.
             The game lasted 00:00:20 (321 turns).

SensoryNuts the Slasher (Demonspawn Gladiator)       Turns: 321, Time: 00:00:21

Health: -1/22      AC:  4    Str: 14    XL:     2   Next: 34%
Magic:  2/2        EV: 12    Int:  9    God:
Gold:   12         SH:  0    Dex: 14    Spells: 1/1 levels left

rFire   . . .      SeeInvis .   a - +0 long sword
rCold   . . .      Faith    .   (no shield)
rNeg    . . .      Spirit   .   b - +0 leather armour
rPois   .          Reflect  .   c - +0 helmet
rElec   .          Harm     .   (no cloak)
rCorr   .          Rampage  .   (no gloves)
Will    .....                   (no boots)
Stlth   +.........              (no amulet)
HPRegen 0.07/turn               (no ring)
MPRegen 0.08/turn               (no ring)

@: lethally poisoned (-1 -> -24), very slow
A: hooves 1
a: no special abilities


You were on level 1 of the Dungeon.
You visited 1 branch of the dungeon, and saw 1 of its levels.

You collected 12 gold pieces.

Inventory:

Hand Weapons
 a - a +0 long sword (weapon)
Missiles
 d - 3 throwing nets (quivered)
Armour
 b - a +0 leather armour (worn)
 c - a +0 helmet (worn)


   Skills:
 + Level 2.2 Fighting
 + Level 3.0 Long Blades
 + Level 1.7 Throwing
 + Level 3.0 Dodging


You had one spell level left.
You didn't know any spells.
Your spell library was empty.

Dungeon Overview and Level Annotations

Branches:
Dungeon (1/15)

Altars:


Innate Abilities, Weirdness & Mutations

You have large cloven feet.


Message History

The goblin hits the plant with a +2 dagger of venom.
The plant is poisoned.
You slash the plant! You kick the plant.
The plant is lightly damaged.
A nearby plant withers and dies.
The goblin hits the plant with a +2 dagger of venom.
Your unstable footing causes you to fumble your attack.
A nearby plant withers and dies.
The goblin splashes around in the water.
A nearby plant withers and dies.
The goblin splashes around in the water.
You slash the plant!
The plant begins to die.
You kick the plant.
The plant is lightly damaged.
The goblin splashes around in the water.
You hit the plant but do no damage. You kick the plant.
The plant is lightly damaged.
The goblin misses you.
Your unstable footing causes you to fumble your attack.
The goblin hits you with a +2 dagger of venom.
You are poisoned.
You hit the plant. You kick the plant.
The plant is lightly damaged.
You feel very sick.
A nearby plant withers and dies.
The goblin hits you with a +2 dagger of venom.
You are lethally poisoned!
The goblin barely misses you.
You completely miss the goblin. Your kick misses the goblin.
You feel very sick.
The goblin splashes around in the water.
Your unstable footing causes you to fumble your attack.
* * * LOW HITPOINT WARNING * * *
You feel very sick.
The goblin hits you with a +2 dagger of venom.
* * * LOW HITPOINT WARNING * * *
You are more poisoned.
You hit the goblin. You kick the goblin.
You kill the goblin!
You hear a splash.
You die...

###### #....#######
#.≈≈≈.≈.≈P≈###
#.≈≈≈♣P≈PPPP≈### ###
#.P.≈≈≈≈≈♣ ≈≈.P≈ #.#
###.#P.PPP≈♣≈≈≈PPP
###.###...#####.@≈≈≈≈♣
#....##.#.# ##≈)P♣≈♣
P.......#.# #≈.PP♣
≈P........# ..≈P♣≈♣
≈≈P.....#.#. ..PP♣≈≈≈
≈≈..........P PP≈≈♣≈
≈P≈ .≈P.####...P.
≈≈≈♣P.. ## ≈...#
..PP≈≈♣≈P≈.P#. P...#


##P≈PPP There were no monsters in sight!

Vanquished Creatures
  A dart slug (D:1)
  2 ball pythons (D:1)
  2 bats (D:1)
  An endoplasm (D:1)
  2 giant cockroaches (D:1)
  2 hobgoblins (D:1)
  A goblin (D:1)
11 creatures vanquished.

Vanquished Creatures (others)
  4 plants (D:1)
4 creatures vanquished.

Grand Total: 15 creatures vanquished

Notes
Turn   | Place    | Note
-------+----------+-------------------------------------------
     0 | D:1      | SensoryNuts the Demonspawn Gladiator began the quest for
                  | the Orb.
     0 | D:1      | Reached XP level 1. HP: 16/16 MP: 1/1
   214 | D:1      | Gained mutation: You have large cloven feet. [demonic
                  | ancestry]
   214 | D:1      | Reached XP level 2. HP: 22/22 MP: 2/2
   321 | D:1      | Succumbed to a goblin's poison

Illustrated notes

Levels and vault maps discovered:
D:1:      minmay_arrival_diagonal_passages, layout_basic, serial_bayou,
          serial_bayou_lagoon_a, serial_bayou_pond_b, serial_bayou_shore_a,
          serial_bayou_crossing, serial_bayou_lake_a, serial_bayou_pond_a,
          minmay_misc_feat_columns

Skill      XL: |  1  2 |
---------------+-------+-----
Long Blades    | 3 |  3.0
Dodging        | 3 |  3.0
Fighting       | |  2.2
Throwing       | |  1.7

Action                   || total
-------------------------++-------
Melee: Long sword        ||    36
       Kick              ||     8
Armor: Leather armour    ||    12
Dodge: Dodged            ||    16

Table legend: (Time is in decaauts)
 A = Elapsed time spent in this place.
 B = Non-inter-level travel time spent in this place.
 C = Inter-level travel time spent in this place.
 D = Time resting spent in this place.
 E = Time spent auto-exploring this place.
 F = Levels seen in this place.
 G = Mean time per level.
                   A        B        C        D        E       F      G
               +--------+--------+--------+--------+--------+-----+--------+
         Total |    342 |    342 |      0 |      0 |    264 |   1 |  342.0 |
       Dungeon |    342 |    342 |      0 |      0 |    264 |   1 |  342.0 |
               +--------+--------+--------+--------+--------+-----+--------+

Top non-repeatable levels by time:
     D:1: 342 daAuts
